 Dungeon Crawl Stone Soup version 0.21.1-1-g345015f (webtiles) character file.

13380 grindst0ne the Grappler (level 11, -7/97 HPs)
             Began as a Demonspawn Chaos Knight on Mar 4, 2018.
             Mangled by a 13-headed hydra (12 damage)
             ... on level 3 of the Lair of Beasts.
             The game lasted 00:48:55 (12730 turns).

grindst0ne the Grappler (Demonspawn Chaos Knight)  Turns: 12730, Time: 00:48:56

Health: -7/97      AC: 26    Str: 15    XL:     11   Next: 74%
Magic:  12/12      EV:  7    Int: 13    God:    Xom [.*....]
Gold:   435        SH:  3    Dex: 14    Spells: 10/10 levels left

rFire    + + .     SeeInvis .     - Unarmed
rCold    . . .     Gourm    .   (no shield)
rNeg     . . .     Faith    .   u - +0 chain mail {rF+}
rPois    .         Spirit   .   (helmet restricted)
rElec    .         Reflect  +   (no cloak)
rCorr    .         Harm     .   (gloves unavailable)
MR       +....                  (no boots)
Stlth    ..........             B - amulet of Koalaw {Reflect MR+ SH+3}
HPRegen  0.26/turn              q - ring of stealth
MPRegen  0.13/turn              t - +6 ring of protection

@: sanguine armour, berserk cooldown, slowed, very slow
A: antennae 1, claws 3, blurry vision 1, demonic guardian 1, fire resistance 1,
high mp 1, robust 1, wild magic 1, sanguine armour 2
a: Renounce Religion


You were on level 3 of the Lair of Beasts.
You worshipped Xom.
You were a plaything of Xom.
You were not hungry.

You visited 3 branches of the dungeon, and saw 13 of its levels.
You also visited: Volcano.

You collected 699 gold pieces.
You spent 264 gold pieces at shops.

Inventory:

Hand Weapons
 y - a +0 war axe
Missiles
 l - 11 tomahawks (quivered)
 s - 3 poisoned javelins
Armour
 d - a +0 helmet of see invisible
 g - a +0 plate armour
 n - a +0 chain mail
 r - a +1 pair of gloves
 u - a +0 chain mail of fire resistance (worn)
Jewellery
 p - an uncursed ring of wizardry
 q - a ring of stealth (left claw)
 t - a +6 ring of protection (right claw)
 B - the amulet of Koalaw (around neck) {Reflect MR+ SH+3}
   (Xom gifted it to you on level 3 of the Lair of Beasts)

   [amulet of reflection]

   It shields you and reflects attacks.
   It affects your resistance to hostile enchantments.
   It affects your SH (+3).
Wands
 D - a wand of random effects (37)
Scrolls
 e - 2 scrolls of fog {unknown}
 f - 2 scrolls of enchant armour
 j - a scroll of blinking {unknown}
 m - a scroll of enchant weapon {unknown}
 v - a scroll of summoning {unknown}
 w - a scroll of immolation {unknown}
 x - a scroll of amnesia {unknown}
 z - 2 scrolls of remove curse
 C - 2 scrolls of vulnerability {unknown}
 G - a scroll of magic mapping {unknown}
Potions
 b - 4 potions of brilliance
 o - 2 potions of magic
 E - 3 potions of curing
Books
 a - a book of Cantrips

   Spells                             Type                      Level
   a - Confusing Touch                Hexes                        1
   b - Animate Skeleton               Necromancy                   1
   c - Summon Small Mammal            Summoning                    1
   d - Apportation                    Translocation                1
 i - the Incunabulum of Glacial Poison
   (You found it on level 2 of the Lair of Beasts)

   Spells                             Type                      Level
   a - Ozocubu's Armour               Charms/Ice                   3
   b - Mephitic Cloud                 Conjuration/Poison/Air       3
   c - Freezing Cloud                 Conjuration/Ice/Air          6
 H - a book of Air

   Spells                             Type                      Level
   a - Shock                          Conjuration/Air              1
   b - Swiftness                      Charms/Air                   2
   c - Static Discharge               Conjuration/Air              3
   d - Airstrike                      Air                          4
   e - Lightning Bolt                 Conjuration/Air              5
Comestibles
 c - 28 rations
 I - a chunk of flesh


   Skills:
 - Level 9.4 Fighting
 - Level 8.5 Axes
 - Level 8.2 Armour
 + Level 1.0 Dodging
 * Level 10.6 Unarmed Combat


You had 10 spell levels left.
You didn't know any spells.

Dungeon Overview and Level Annotations

Branches:
Dungeon (9/15)             Temple (1/1) D:6            Lair (3/6)
 Spider (0/4) Lair:3
  Swamp: Lair:2-4    Shoals: Lair:2-4       Orc: D:9-12

Altars:
Cheibriados
Elyvilon
Gozag
Hepliaklqana
Kikubaaqudgha
Makhleb
Nemelex Xobeh
Qazlal
Ru
Sif Muna
Trog
Vehumet
Xom
Yredelemnul
Zin
The Shining One

Shops:
D:6 !

Annotations:
D:5 exclusion: downstairs
D:8 exclusion: downstairs
Lair:1 exclusions: downstairs and oklob plant
Lair:2 exclusion: downstairs


Innate Abilities, Weirdness & Mutations

You have claws for hands.
A weak demonic guardian rushes to your aid.
When seriously injured, your bleeding wounds create thick armour. (AC +9)
You have a pair of small antennae on your head.
Scrolls take you a little longer to read.
Your flesh is heat resistant. (rF+)
You have an increased reservoir of magic. (+10% MP)
You are robust. (+10% HP)
Your spells are a little harder to cast, but a little more powerful.


Message History

* * * LOW HITPOINT WARNING * * *
The 13-headed hydra closely misses you. The 13-headed hydra bites you!
* * * LOW HITPOINT WARNING * * *
The 13-headed hydra completely misses you.
The 13-headed hydra bites you but does no damage. x3
The 13-headed hydra bites you.
* * * LOW HITPOINT WARNING * * *
The 13-headed hydra bites you!
* * * LOW HITPOINT WARNING * * *
The 13-headed hydra bites you but does no damage.
The 13-headed hydra barely misses you.
The 13-headed hydra bites you but does no damage.
Your quasit barely misses the 13-headed hydra.
Your quasit claws the 13-headed hydra. x2
Okay, then.
Okay, then.
Okay, then.
The 13-headed hydra bites you!
You die...
Xom cackles wildly!

##........ # ......... ####
##..PPPH.. .#.# ####
###########..PPPPP..
...####PP####..##P.P##...P..PP..
##.......P...............P..PP
###........<.............PPPPP #
#......................PP.PP
###...P.PPP..5.D@.........P.P..
........PPP...♣♣♣♣.............
......P.P.P..♣PPP♣♣...........
###.÷.P......♣P..PP♣♣♣...........
# #<..PPPPP..♣P..PP .........>.
###........♣♣.♣.♣♣.♣♣♣........#
##..P.....♣♣♣♣.P...♣♣.......$
#PP.......#♣


.PPPP ♣....... ##.........#♣P.P♣ ♣....... You could see a 13-headed hydra and a
friendly quasit.

Vanquished Creatures
  A centaur warrior (Volcano)
  A hell knight (Volcano)
  Nergalle (Lair:1)
  2 molten gargoyles (Volcano)
  A rime drake (Lair:1)
  2 yaktaurs (Volcano)
  A spiny frog (Lair:3)
  3 komodo dragons
  A polar bear (Lair:2)
  9 blink frogs
  2 hippogriffs
  5 yaks (Lair:2)
  3 hogs (D:7)
  A human (D:7)
  2 fire bats (Volcano)
  A wyvern (Lair:3)
  A steam dragon (D:9)
  Menkaure (D:5)
  4 water moccasins
  4 porcupines
  A sky beast (D:5)
  4 black bears
  An orc warrior (D:6)
  An ice beast (D:6)
  A phantom (D:8)
  9 wolves
  2 ogres
  3 centaurs
  A big kobold (D:7)
  2 crocodiles
  3 bullfrogs
  2 scorpions
  A water moccasin skeleton (D:5)
  A killer bee (Lair:2)
  An electric eel (Lair:2)
  2 lava snakes (Volcano)
  3 howler monkeys
  2 crimson imps
  A quasit (D:7)
  3 orc priests
  2 hounds
  An orc wizard (D:5)
  A bullfrog skeleton (D:6)
  An iguana (D:4)
  7 worker ants
  Natasha (twice) (D:4)
  A killer bee zombie (D:7)
  A gnoll (D:5)
  7 adders
  2 shadow imps (D:5)
  An ufetubus (D:6)
  An ooze (D:3)
  5 worms
  2 dart slugs (D:3)
  3 leopard geckos (D:1)
  21 orcs
  7 bats
  5 giant cockroaches
  16 goblins
  8 hobgoblins
  6 jackals
  2 quokkas
  2 ball pythons
  4 frilled lizards
  11 kobolds
  A quokka skeleton (D:4)
  5 rats
215 creatures vanquished.

Vanquished Creatures (collateral kills)
  A spiny frog (Lair:2)
  3 blink frogs
  A hog (D:7)
  3 ice beasts
  A necrophage (D:8)
  2 wolves (Lair:3)
  A centaur (D:8)
  A big kobold (D:8)
  A bullfrog (Lair:2)
  2 scorpions (D:8)
  An orc wizard (D:5)
  A worker ant (D:8)
  A leopard gecko (D:6)
  A jackal zombie (D:8)
  2 kobolds (D:8)
22 creatures vanquished.

Vanquished Creatures (others)
  3 fungi
  4 plants
7 creatures vanquished.

Grand Total: 244 creatures vanquished

Notes
Turn   | Place    | Note
-------+----------+-------------------------------------------
     0 | D:1      | grindst0ne the Demonspawn Chaos Knight began the quest for the Orb.
     0 | D:1      | Reached XP level 1. HP: 18/18 MP: 1/1
   111 | D:1      | Gained mutation: When seriously injured, your bleeding wounds create armour. (AC +9) [demonic ancestry]
   111 | D:1      | Reached XP level 2. HP: 24/24 MP: 2/2
   222 | D:1      | XOM: divination: detect items
   561 | D:2      | XOM: harmless Conj miscast
   573 | D:2      | XOM: divination: detect items
   576 | D:2      | Gained mutation: You have sharp fingernails. [demonic ancestry]
   576 | D:2      | Reached XP level 3. HP: 25/30 MP: 3/3
   595 | D:2      | Noticed Natasha
   601 | D:2      | Noticed Natasha
   601 | D:2      | Natasha changed into Natasha the adder
   601 | D:2      | XOM: polymorph Natasha -> Natasha the adder
   609 | D:2      | Killed Natasha the adder
   774 | D:2      | XOM: cloud trail
   970 | D:3      | Gained mutation: When seriously injured, your bleeding wounds create thick armour. (AC +9) [demonic ancestry]
   970 | D:3      | Reached XP level 4. HP: 37/38 MP: 4/4
  1042 | D:3      | Reached skill level 5 in Fighting
  1143 | D:3      | XOM: harmless Conj miscast
  1156 | D:3      | XOM: smoke on damage
  1328 | D:3      | XOM: divination: magic mapping
  1355 | D:3      | Reached XP level 5. HP: 46/46 MP: 5/5
  1458 | D:4      | Noticed Natasha
  1467 | D:4      | XOM: scenery: 1 doors open
  1468 | D:4      | Killed Natasha
  1581 | D:4      | XOM: confuse monster(s)
  1593 | D:4      | XOM: potion effect (brilliance)
  1905 | D:4      | Noticed Natasha
  1914 | D:4      | Killed Natasha
  1914 | D:4      | Gained mutation: You have very sharp fingernails. [demonic ancestry]
  1914 | D:4      | Reached XP level 6. HP: 36/53 MP: 6/6
  2021 | D:4      | XOM: harmless Pois miscast
  2070 | D:4      | XOM: medium Necr miscast
  2173 | D:4      | XOM: mild Summ miscast
  2196 | D:5      | XOM: stealth player
  2196 | D:5      | Entered Level 5 of the Dungeon
  2245 | D:5      | XOM: 1-stop teleportation journey
  2336 | D:5      | Noticed a sky beast
  2353 | D:5      | XOM: silly message
  2357 | D:5      | XOM: chaos cloud
  2361 | D:5      | Killed a sky beast
  2402 | D:5      | XOM: swap monsters
  2408 | D:5      | XOM: medium Summ miscast
  2409 | D:5      | Noticed a hellwing
  2409 | D:5      | XOM: torment (21/56 hp)
  2585 | D:5      | Noticed an ice beast
  2606 | D:5      | XOM: enchant monster (bad)
  2614 | D:5      | XOM: noise
  2627 | D:5      | XOM: 2-stop teleportation journey
  2650 | D:5      | XOM: enchant monster (bad)
  2682 | D:5      | Noticed Menkaure
  2682 | D:5      | XOM: potion effect (might)
  2689 | D:5      | XOM: summons friendly iron imp
  2691 | D:5      | Killed an ice beast
  2691 | D:5      | Reached XP level 7. HP: 13/62 MP: 7/7
  2692 | D:5      | XOM: noise
  2869 | D:5      | XOM: noise
  3094 | D:5      | XOM: god gift: 17 gold pieces
  3103 | D:5      | Killed Menkaure
  3449 | D:5      | XOM: silly message
  3463 | D:5      | XOM: divination: detect items
  3513 | D:6      | XOM: mild Necr miscast
  3579 | D:6      | Found a glowing golden altar of the Shining One.
  3594 | D:6      | XOM: divination: detect items
  3608 | D:6      | XOM: polymorph shadow imp -> ufetubus
  3615 | D:6      | XOM: confuse monster(s)
  3631 | D:6      | XOM: butterfly on damage
  3749 | D:6      | XOM: divination: detect items
  3757 | D:6      | Gained mutation: You have claws for hands. [demonic ancestry]
  3757 | D:6      | Reached XP level 8. HP: 28/71 MP: 8/8
  3854 | D:6      | XOM: summons 4 hostile demons
  3869 | D:5      | XOM: polymorph worker ant -> gnoll
  4011 | D:6      | Found a staircase to the Ecumenical Temple.
  4019 | D:6      | XOM: enchant monster (good)
  4023 | D:6      | XOM: cast spell 'Chain of Chaos'
  4052 | D:5      | XOM: mild Chrm miscast
  4053 | D:5      | XOM: divination: detect creatures
  4187 | D:5      | XOM: noise
  4293 | D:6      | Found a bloodstained altar of Trog.
  4293 | D:6      | Found Nycvej's Distillery.
  4301 | D:6      | Bought a potion of might for 48 gold pieces
  4301 | D:6      | Bought a potion of haste for 120 gold pieces
  4301 | D:6      | Bought a potion of heal wounds for 60 gold pieces
  4301 | D:6      | Bought a potion of curing for 36 gold pieces
  4311 | D:6      | XOM: enchant monster (good)
  4313 | D:6      | XOM: summons 8 friendly demons
  4352 | D:6      | XOM: divination: detect items
  4506 | Temple   | Entered the Ecumenical Temple
  4679 | D:6      | Found a white marble altar of Elyvilon.
  4679 | D:6      | Found a radiant altar of Vehumet.
  4681 | D:6      | Found a hazy altar of Hepliaklqana.
  4684 | D:6      | Found a sacrificial altar of Ru.
  4685 | D:6      | Found an ancient bone altar of Kikubaaqudgha.
  4685 | D:6      | Found a glowing silver altar of Zin.
  4685 | D:6      | Found a deep blue altar of Sif Muna.
  4735 | D:6      | XOM: god gift: 3 poisoned javelins
  4852 | D:6      | XOM: harmless Tmut miscast
  5117 | D:7      | Reached skill level 5 in Axes
  5187 | D:7      | XOM: destruction
  5276 | D:7      | Reached skill level 5 in Armour
  5292 | D:7      | XOM: enchant monster (good)
  5316 | D:7      | XOM: give mutations
  5316 | D:7      | Gained mutation: Your flesh is heat resistant. (rF+) [Xom's grace]
  5316 | D:7      | Gained mutation: Your muscles are strong. (Str +2) [Xom's grace]
  5316 | D:7      | Gained mutation: You have sharp toenails. [Xom's grace]
  5316 | D:7      | Gained mutation: Your spells are a little harder to cast, but a little more powerful. [Xom's grace]
  5317 | D:7      | Gained mutation: A weak demonic guardian rushes to your aid. [demonic ancestry]
  5317 | D:7      | Reached XP level 9. HP: 51/77 MP: 9/9
  5409 | D:7      | Found a stormy altar of Qazlal.
  5437 | D:7      | XOM: confusion (+ monsters)
  5794 | D:7      | XOM: 1-stop teleportation journey
  6007 | D:7      | XOM: harmless Fire miscast
  6130 | D:7      | XOM: 1-stop teleportation journey
  6465 | D:8      | Found a basalt altar of Yredelemnul.
  6533 | D:8      | XOM: god gift: ration
  6603 | D:8      | Found a staircase to the Lair.
  6766 | D:8      | Found a burning altar of Makhleb.
  6766 | D:8      | Noticed an Executioner
  6871 | D:9      | Noticed a two-headed ogre
  6904 | Lair:1   | Entered Level 1 of the Lair of Beasts
  7010 | Lair:1   | XOM: 6-stop teleportation journey
  7215 | Lair:1   | Noticed Nergalle
  7227 | Lair:1   | XOM: stat loss: -1 Int (12/13)
  7237 | Lair:1   | XOM: butterfly on damage
  7240 | Lair:1   | Killed Nergalle
  7240 | Lair:1   | Reached XP level 10. HP: 20/83 MP: 10/10
  7320 | Lair:1   | XOM: god gift: 55 gold pieces
  7433 | Lair:1   | XOM: confusion (+ monsters)
  7774 | D:8      | XOM: noise
  7878 | D:8      | XOM: repel stairs
  7881 | D:8      | HP: 2/83 [blink frog (14)]
  7947 | D:8      | XOM: noise
  8208 | D:8      | XOM: summons 3 friendly demons
  8498 | D:8      | XOM: repel stairs
  8500 | D:8      | XOM: smoke on damage
  8504 | D:8      | Reached skill level 1 in Unarmed Combat
  8534 | D:8      | Reached skill level 2 in Unarmed Combat
  8578 | D:8      | XOM: summons 5 hostile demons
  8744 | Lair:1   | XOM: 2-stop teleportation journey
  8757 | Lair:1   | XOM: polymorph blink frog -> fire bat
  8768 | Lair:1   | XOM: polymorph fire bat -> rime drake
  8774 | Lair:1   | Reached skill level 3 in Unarmed Combat
  8775 | Lair:1   | XOM: cast spell 'Dispersal'
  8790 | Lair:1   | Reached skill level 4 in Unarmed Combat
  8796 | Lair:1   | XOM: summons 10 friendly demons
  8807 | Lair:1   | Reached skill level 5 in Unarmed Combat
  8905 | Lair:1   | Noticed an oklob plant
  8906 | Lair:1   | XOM: scenery: create altars
  8945 | Lair:1   | XOM: cloud trail
  9012 | Lair:1   | XOM: stat loss: -1 Str (16/17)
  9159 | Lair:1   | XOM: confusion
  9254 | Lair:1   | XOM: harmless Tmut miscast
  9256 | Lair:1   | Reached skill level 6 in Unarmed Combat
  9467 | Lair:2   | Noticed a spiny frog
  9473 | Lair:2   | Killed a spiny frog
  9489 | Lair:2   | XOM: confusion
  9737 | Lair:2   | XOM: potion effect (agility)
  9740 | Lair:2   | XOM: blink monster(s)
  9744 | Lair:2   | XOM: mild Erth miscast
  9749 | Lair:2   | XOM: swap monsters
  9751 | Lair:2   | Reached XP level 11. HP: 59/89 MP: 11/11
  9762 | Lair:2   | Reached skill level 7 in Unarmed Combat
 10105 | Lair:2   | XOM: polymorph bullfrog -> killer bee
 10114 | Lair:2   | XOM: confusion
 10208 | Lair:2   | XOM: polymorph ufetubus -> shadow imp
 10612 | Lair:2   | XOM is BORED!
 10659 | Lair:2   | XOM: chaos cloud
 10660 | Lair:2   | Reached skill level 8 in Unarmed Combat
 10662 | Lair:2   | Paralysed by you for 2 turns
 10671 | Lair:2   | XOM: polymorph white imp -> shadow imp
 10949 | Lair:2   | XOM: give mutations
 10949 | Lair:2   | Lost mutation: You have sharp toenails. [Xom's mischief]
 10949 | Lair:2   | Gained mutation: Scrolls take you a little longer to read. [Xom's mischief]
 10949 | Lair:2   | Lost mutation: Your muscles are strong. (Str +2) [Xom's mischief]
 10950 | Lair:2   | Identified the Incunabulum of Glacial Poison
 11128 | Lair:3   | Found a dark tunnel.
 11141 | Volcano  | Entered a volcano
 11231 | Volcano  | XOM: medium Hex miscast
 11329 | Volcano  | Found a burning altar of Makhleb.
 11329 | Volcano  | Noticed a centaur warrior
 11335 | Volcano  | XOM: summons friendly iron imp
 11340 | Volcano  | Killed a centaur warrior
 11340 | Volcano  | Reached skill level 9 in Unarmed Combat
 11354 | Volcano  | Noticed a hell knight
 11359 | Volcano  | Killed a hell knight
 11386 | Volcano  | XOM: medium Summ miscast
 11628 | Volcano  | Reached skill level 10 in Unarmed Combat
 11688 | Lair:3   | XOM: scenery: create altars
 11726 | Lair:3   | XOM: give mutations
 11726 | Lair:3   | Gained mutation: You are robust. (+10% HP) [Xom's grace]
 11726 | Lair:3   | Gained mutation: You have an increased reservoir of magic. (+10% MP) [Xom's grace]
 11726 | Lair:3   | Gained mutation: You have a pair of small antennae on your head. [Xom's grace]
 11727 | Lair:3   | XOM: god gift: pitted bone amulet {god gift}
 11793 | Lair:2   | XOM: scenery: create altars
 11927 | Lair:3   | Got a pitted bone amulet {god gift}
 11931 | Lair:2   | Identified the amulet of Koalaw {Reflect MR+ SH+3} (Xom gifted it to you on level 3 of the Lair of Beasts)
 12314 | Lair:3   | Noticed an eight-headed hydra
 12385 | Lair:2   | XOM: god gift: ration
 12416 | Lair:3   | XOM: summons 2 friendly demons
 12461 | Lair:3   | XOM: harmless Tloc miscast
 12537 | Lair:3   | Found a hole to the Spider Nest.
 12537 | Lair:3   | XOM: 9-stop teleportation journey
 12540 | Lair:3   | XOM: confuse monster(s)
 12671 | Lair:3   | Reached skill level 1 in Dodging
 12712 | Lair:3   | XOM: enchant monster (bad)
 12725 | Lair:3   | XOM: confuse monster(s)
 12729 | Lair:3   | HP: 4/97 [13-headed hydra (9)]
 12730 | Lair:3   | Mangled by a 13-headed hydra

Skill      XL: |  1  2  3  4  5  6  7  8  9 10 11 |
---------------+----------------------------------+-----
Fighting       | 4 5 6 8 9 |  9.4
Axes           | 3 5 8 |  8.5
Armour         | 2 5 7 8 |  8.2
Unarmed Combat | 6 10 | 10.6
Dodging        | 1 |  1.0

Action                   |  1- 3 |  4- 6 |  7- 9 | 10-12 || total
-------------------------+-------+-------+-------+-------++-------
Melee: Hand axe          |   132 |   243 |   255 |       ||   630
       War axe           |       |       |   187 |    43 ||   230
       Kick              |       |       |    46 |    51 ||    97
       Unarmed           |       |       |       |   280 ||   280
       Punch             |       |       |       |     8 ||     8
Throw: Tomahawk          |     4 |    25 |    16 |     9 ||    54
Evoke: Wand              |       |       |     1 |    13 ||    14
  Use: Potion            |     1 |     3 |     4 |    14 ||    22
       Scroll            |       |     2 |     9 |     3 ||    14
 Stab: Petrified         |    10 |       |     3 |     2 ||    15
       Petrifying        |     1 |       |       |       ||     1
       Paralysed         |       |     4 |       |       ||     4
       Confused          |       |     1 |       |       ||     1
       Distracted        |       |       |     1 |     4 ||     5
  Eat: Chunk             |       |     5 |    12 |     8 ||    25
       Ration            |       |       |     1 |     4 ||     5
Armor: Leather armour    |    67 |     5 |       |       ||    72
       Chain mail        |       |   157 |   403 |   311 ||   871
Dodge: Dodged            |    99 |    70 |   192 |   174 ||   535
Block: Other             |       |       |       |    13 ||    13
